 Dungeon Crawl Stone Soup version 0.32-a0-918-g0f22ef8d61 (webtiles) character file.

Game seed: 13645603088065463147

4944 Maxmaps the Nimble (level 10, -13/71 HPs)
             Began as an Octopode Shapeshifter on Apr 10, 2024.
             Was an Initiate of Gozag.
             Mangled by a boulder beetle (20 damage)
             ... on level 9 of the Dungeon on Apr 12, 2024.
             The game lasted 00:12:11 (9312 turns).

Maxmaps the Nimble (Octopode Shapeshifter)          Turns: 9312, Time: 00:12:12

Health: -13/71     AC:  1    Str: 19    XL:     10   Next: 52%
Magic:  10/10      EV: 16    Int: 17    God:    Gozag
Gold:   1130       SH:  5    Dex: 15    Spells: 9/9 levels left

rFire   . . .        j - +2 dagger (venom)
rCold   . . .        (no shield)
rNeg    . . .        (helmet currently unavailable)
rPois   +            i - amulet of reflection
rElec   .            f - +6 ring of strength
rCorr   .            t - ring of poison resistance
SInv    .            r - ring of Decvuf {Wiz Dex+3}
Will    .....        (no ring)
Stlth   ++           (no ring)
HPRegen 0.31/turn    (no ring)
MPRegen 0.12/turn    (no ring)
                     (no ring)

%: reflection, wizardry (x1)
@: beast-form, marked
A: beast (slay +4), almost no armour, amphibious, 8 rings, camouflage 1,
gelatinous body 1, (nimble swimmer 1), tentacles
a: Begin Untransformation, Renounce Religion, Potion Petition, Call Merchant,
Bribe Branch


You were on level 9 of the Dungeon.
You worshipped Gozag.
Gozag was most pleased with you.
You were a hulking beast.
You visited 2 branches of the dungeon, and saw 11 of its levels.
You also visited: Sewer.

You collected 1212 gold pieces.
You paid 82 gold pieces to Gozag.

Inventory:

Hand Weapons
 j - a +2 dagger of venom (weapon)
Jewellery
 f - a +6 ring of strength (left tentacle)
 i - an amulet of reflection (around mantle)
 l - the necklace of Bloodlust {Fury *Rage Will++ Int-3 Slay+6}
   (You found it on level 3 of the Dungeon)

   [amulet of nothing]

   Fury:      It extends the wearer's berserk rage when killing foes.
   Int-3:     It affects your intelligence (-3).
   Slay+6:    It affects your accuracy & damage with ranged weapons and melee
   (+6).
   Will++:    It greatly increases your willpower.
   *Rage:     It berserks you when you make melee attacks (+50% chance).
 r - the ring of Decvuf (on tentacle) {Wiz Dex+3}
   (You found it on level 6 of the Dungeon)

   [ring of wizardry]

   Wiz:       It improves your spell success rate.
   Dex+3:     It affects your dexterity (+3).
 t - a ring of poison resistance (right tentacle)
 w - a ring of fire
 z - a ring of ice
Talismans
 b - a beast talisman (active)
 c - a flux talisman
Wands
 u - a wand of roots (24)
 y - a wand of charming (13)
Scrolls
 a - a scroll of immolation
 d - 2 scrolls of fog
 k - 4 scrolls of teleportation
 m - 3 scrolls of noise
 n - a scroll of butterflies
 o - a scroll of fear
 p - 3 scrolls of enchant armour
 s - 7 scrolls of identify
Potions
 g - 2 potions of resistance
 h - a potion of haste
 q - 2 potions of enlightenment
 v - a potion of ambrosia
 x - a potion of curing


   Skills:
 + Level 7.3 Fighting
 - Level 6.6 Short Blades
 - Level 8.3 Dodging
 - Level 3.0 Unarmed Combat
 - Level 8.2 Shapeshifting


You had 9 spell levels left.
You didn't know any spells.
Your spell library contained the following spells:

 Spells                   Type           Power      Damage    Failure   Level
 Apportation              Tloc           0%         N/A       10%         1
 Necrotise                Necr           0%         1d4       10%         1
 Sting                    Conj/Alch      0%         1d3       10%         1
 Summon Small Mammal      Summ           0%         N/A       10%         1
 Mercury Vapours          Alch/Air       0%         N/A       14%         2
 Dazzling Flash           Conj/Hex       0%         N/A       26%         3
 Fugue of the Fallen      Necr           0%         N/A       26%         3
 Mephitic Cloud           Conj/Alch/Air  0%         N/A       26%         3
 Ozocubu's Armour         Ice            0%         N/A       26%         3
 Olgreb's Toxic Radiance  Alch           0%         N/A       65%         4
 Curse of Agony           Necr           0%         N/A       92%         5
 Silence                  Hex/Air        0%         N/A       92%         5
 Manifold Assault         Tloc           0%         N/A       100%        7


Dungeon Overview and Level Annotations

Branches:
Dungeon (10/15)            Temple (1/1) D:4           Sewer (visited)
   Lair: D:8-11         Orc: D:9-12

Altars:
Ashenzari
Cheibriados
Dithmenos
Elyvilon
Gozag
Hepliaklqana
Kikubaaqudgha
Makhleb
Nemelex Xobeh
Okawaru
Qazlal
Ru
Sif Muna
Trog
Uskayaw
Vehumet
Wu Jian
Xom
Yredelemnul
Zin
The Shining One

Shops:
D:3 =   D:4 (   D:9 ?

Annotations:
D:3 1 runed translucent door, BigDaddyOpFi's ghost, amateur OpFi
D:5 2 transporters


Innate Abilities, Weirdness & Mutations

You are a hulking beast.
Your limbs bulge with bestial killing power. (Slay +4)
You cannot wear most types of armour.
You are amphibious.
You can wear up to eight rings at the same time.
Your skin changes colour to match your surroundings (Stealth+).
Your rubbery body absorbs attacks. (AC +1, EV +1)
((You are camouflaged when in or above water. (Stealth+)))
You have tentacles for arms and can constrict up to eight enemies at once.


Message History

You squeeze the boulder beetle, but do no damage.
The boulder beetle is moderately wounded.
The boulder beetle completely misses you.
You hit the boulder beetle but do no damage.
The boulder beetle looks as sick as possible!
The boulder beetle is heavily wounded.
You hit the boulder beetle but do no damage.
The boulder beetle looks as sick as possible!
You squeeze the boulder beetle, but do no damage.
The boulder beetle is heavily wounded.
The boulder beetle bites you!!
* * * LOW HITPOINT WARNING * * *
Unknown command.
The centaur is no longer distracted by gold.
The centaur unwields a +0 club.
The centaur wields a +0 orcbow.
The centaur shoots an arrow.
The arrow misses you. The boulder beetle bites you.
* * * LOW HITPOINT WARNING * * *
You climb upwards.
There is a stone staircase leading down here.
You feel much better. The boulder beetle barely misses you.
You hit the boulder beetle.
The boulder beetle looks as sick as possible!
The boulder beetle is severely wounded.
You hit the boulder beetle but do no damage.
The boulder beetle looks as sick as possible!
The boulder beetle is severely wounded.
The boulder beetle bites you!!
* * * LOW HITPOINT WARNING * * *
You hit the boulder beetle but do no damage.
The boulder beetle looks as sick as possible!
The boulder beetle is severely wounded.
The boulder beetle bites you!
* * * LOW HITPOINT WARNING * * *
As you read the scroll of fear, it crumbles to dust.
You assume a fearsome visage.
The boulder beetle resists with some effort.
The boulder beetle bites you!!
You die...
Your body crumbles into a pile of gold.

.........### #....#######.#.....
........)).#######.........#.....
.........#..#..........##..'.....
.........##.'..........+..##.....
......)..####..........#####.....
.........# #..........# #....>
.........# #..........# #.)...
.........# #..........# ##'###
.........# #...h......# #.).)
#.######## ###B######## ####.
#....# #.# ## ####.### #.# #####
.>.....# ##'######### ##....
.......# #..........# #.....
.......# #..........####.####
.......### #..........##...##..
.........#####..........'..#.#...


You could see a boulder beetle (extremely poisoned).

Vanquished Creatures
  Prince Ribbit (D:6)
  A wraith (D:7)
  9 yaks
  A wyvern (D:7)
  A steam dragon (D:9)
  An acid dragon (D:9)
  A water moccasin (D:8)
  3 orc warriors
  An ice beast (D:7)
  4 black bears
  An ogre (D:4)
  3 centaurs
  A phantom (D:5)
  2 kobold brigands
  2 bullfrogs
  3 scorpions
  6 wights
  A howler monkey (D:9)
  A bombardier beetle (D:6)
  A gnoll bouda (D:5)
  A jelly (D:7)
  5 hounds
  3 orc priests
  A sleepcap (D:4)
  An iguana (D:4)
  4 orc wizards
  9 gnolls
  11 adders
  3 river rats (Sewer)
  2 white imps
  6 ufetubi
  2 dart slugs
  4 ribbon worms
  14 orcs
  10 bats
  4 endoplasms
  3 giant cockroaches
  9 goblins
  7 hobgoblins
  2 jackals (D:3)
  23 kobolds
  8 quokkas
  14 ball pythons
  6 frilled lizards
  8 rats
204 creatures vanquished.

Notes
Turn   | Place    | Note
-------+----------+-------------------------------------------
     0 | D:1      | Maxmaps the Octopode Shapeshifter began the quest for the
                  | Orb.
     0 | D:1      | Reached XP level 1. HP: 13/13 MP: 1/1
    86 | D:1      | Reached XP level 2. HP: 16/19 MP: 2/2
   378 | D:1      | Reached XP level 3. HP: 25/25 MP: 3/3
   381 | D:1      | Found a faded altar of an unknown god.
   382 | D:1      | Noticed an eye of devastation
   383 | D:1      | Noticed a glass eye
   384 | D:1      | Noticed a shining eye
   384 | D:1      | Noticed a glass eye
   394 | D:1      | Reached skill level 1 in Short Blades
  1047 | D:2      | Reached XP level 4. HP: 30/30 MP: 4/4
  1443 | D:3      | Found a runed translucent door.
  1445 | D:3      | Found the necklace of Bloodlust {Fury *Rage Will++ Int-3
                  | Slay+6}
  1447 | D:3      | Noticed BigDaddyOpFi's ghost (amateur OpFi)
  1559 | D:3      | Found a glowing drain.
  1601 | Sewer    | Entered a sewer
  1830 | Sewer    | Reached XP level 5. HP: 35/35 MP: 5/5
  2369 | D:3      | Found the +5 demon whip "Spellbinder" {antimagic, disrupt,
                  | Will+}
  2384 | D:3      | Found Duzir's Jewellery Boutique.
  2692 | D:4      | Found Eraw's Weapon Boutique.
  2716 | D:4      | Reached XP level 6. HP: 26/41 MP: 6/6
  2851 | D:4      | Found an opulent altar of Gozag.
  2858 | D:4      | Reached skill level 5 in Short Blades
  2874 | D:4      | Noticed a black bear
  2881 | D:4      | Killed a black bear
  2882 | D:4      | Reached XP level 7. HP: 15/45 MP: 7/7
  2885 | D:4      | Became a worshipper of Gozag Ym Sagoz the Greedy
  3370 | D:4      | Found a staircase to the Ecumenical Temple.
  3639 | Temple   | Entered the Ecumenical Temple
  4114 | D:5      | Entered Level 5 of the Dungeon
  4123 | D:5      | Found a transporter.
  4126 | D:5      | Noticed a wyvern
  4127 | D:5      | Found a hazy altar of Hepliaklqana.
  4128 | D:5      | Noticed a two-headed ogre
  4660 | D:5      | Reached skill level 5 in Shapeshifting
  4818 | D:5      | Found a transporter.
  4871 | D:5      | Reached XP level 8. HP: 51/51 MP: 8/8
  5270 | D:6      | Noticed a yak
  5270 | D:6      | Noticed a yak
  5270 | D:6      | Noticed a yak
  5270 | D:6      | Noticed a yak
  5271 | D:6      | Noticed a yak
  5276 | D:6      | HP: 2/51 [yak (15)]
  5292 | D:6      | Killed a yak
  5530 | D:6      | Identified the ring of Decvuf {Wiz Dex+3}
  5591 | D:6      | Noticed Prince Ribbit
  5599 | D:6      | Killed Prince Ribbit
  5793 | D:6      | Found a snail-covered altar of Cheibriados.
  6064 | D:6      | Reached XP level 9. HP: 55/55 MP: 9/9
  6323 | D:6      | Reached skill level 5 in Dodging
  7533 | D:8      | Reached XP level 10. HP: 50/63 MP: 10/10
  7783 | D:8      | Reached skill level 5 in Fighting
  8701 | D:9      | Found a sacrificial altar of Ru.
  8980 | D:9      | Found Couzyom's Magic Scroll Shoppe.
  9285 | D:10     | Entered Level 10 of the Dungeon
  9289 | D:10     | Noticed a boulder beetle
  9312 | D:9      | Mangled by a boulder beetle

Illustrated notes

Levels and vault maps discovered:
D:1:      dpeg_arrival_tiny_j, layout_rooms,
          hellmonk_ecumenical_altar_watching_god, minmay_misc_feat_tiny
D:2:      layout_basic, minmay_pentomino_v2
D:3:      layout_loops_ring, serial_shops, nicolae_shop_crystal,
          hellmonk_ghost_happy_afterlife, cheibrodos_sewer_entry_bend
D:4:      layout_layer_cave, nicolae_gozag_seed_capital,
          minmay_temple_entry_antechambers, serial_shops, nicolae_diamond_shop,
          nicolae_elevator_lobby_plus
D:5:      layout_cave_pods, gammafunk_temple_overflow_arena
D:6:      layout_rooms, marbit_many_paths, uniq_prince_ribbit1
D:7:      layout_loops_ring, nicolae_ossuary_entry_plus,
          corexii_leaking_fountain, serial_bayou_crossing
D:8:      layout_loops_ring
D:9:      layout_roguey, old_standard_altar, serial_shops,
          nicolae_shop_rolled_up
D:10:     layout_rooms, fedhas_altar_4, dpeg_oklobed_lair
Temple:   minmay_temple_bridge_d

Skill      XL: |  1  2  3  4  5  6  7  8  9 10 |
---------------+-------------------------------+-----
Fighting       | 2 3 7 |  7.3
Short Blades   | 2 3 4 6 |  6.6
Shapeshifting  | 5 8 |  8.2
Dodging        | 8 |  8.3
Unarmed Combat | |  3.0

Action                     |  1- 3 |  4- 6 |  7- 9 | 10-12 || total
---------------------------+-------+-------+-------+-------++-------
  Melee: Unarmed           |    20 |       |       |       ||    20
         Constrict         |    23 |    31 |    40 |    15 ||   109
         Tentacles         |    15 |    25 |    48 |    25 ||   113
         Punch             |     1 |       |       |       ||     1
         Dagger            |    53 |    98 |   243 |   140 ||   534
    Use: Scroll            |       |    10 |     4 |     2 ||    16
         Potion            |       |       |     2 |     3 ||     5
   Stab: Sleeping          |     5 |     6 |     6 |     3 ||    20
         Distracted        |       |       |     1 |       ||     1
 Armour: Skin              |    35 |    49 |    98 |    68 ||   250
  Dodge: Dodged            |    44 |    48 |    81 |    23 ||   196
  Block: Other             |     4 |    22 |    30 |    19 ||    75
         Reflection        |       |     2 |     2 |       ||     4

Table legend: (Time is in decaauts)
 A = Elapsed time spent in this place.
 B = Non-inter-level travel time spent in this place.
 C = Inter-level travel time spent in this place.
 D = Time resting spent in this place.
 E = Time spent auto-exploring this place.
 F = Levels seen in this place.
 G = Mean time per level.
                   A        B        C        D        E       F      G
               +--------+--------+--------+--------+--------+-----+--------+
         Total |   9169 |   8835 |    334 |    887 |   6583 |  12 |  764.1 |
       Dungeon |   8545 |   8213 |    332 |    887 |   6111 |  10 |  854.5 |
        Temple |      1 |      0 |      1 |      0 |      0 |   1 |    1.0 |
         Sewer |    622 |    622 |      0 |      0 |    472 |   1 |  622.0 |
               +--------+--------+--------+--------+--------+-----+--------+

Top non-repeatable levels by time:
     D:4: 1458 daAuts
     D:6: 1313 daAuts
     D:5: 1005 daAuts
     D:9: 934 daAuts
     D:8: 919 daAuts
     D:7: 895 daAuts
     D:3: 743 daAuts
     D:2: 731 daAuts
   Sewer: 622 daAuts
     D:1: 524 daAuts
    D:10: 18 daAuts
  Temple: 1 daAuts
